[Event "Icelandic Championship 2022"]
[Site "Selfoss"]
[Date "2022.04.23"]
[Round "3.1"]
[White "Steingrimsson, Hedinn"]
[Black "Thorhallsson, Throstur"]
[Result "1/2-1/2"]
[ECO "D35"]
[WhiteElo "2535"]
[BlackElo "2414"]
[Annotator "TA"]
[PlyCount "86"]
[EventDate "2022.04.21"]
[EventType "tourn"]
[EventCountry "ISL"]
[SourceTitle "playchess.com"]
[Source "ChessBase"]
[SourceQuality "1"]
[TimeControl "40/5400+30:1800+30"]

1. d4 Nf6 2. c4 e6 3. Nc3 d5 4. cxd5 exd5 5. Bg5 c6 6. e3 Bd6 7. Bd3 O-O 8. Qc2 h6 9. Bh4 Re8 10. Nf3 a5 {[%emt 0:06:51] D35: Queen's Gambit Declined: Exchange Variation.} 11. O-O Nbd7 12. Rae1 Be7 {[%emt 0:08:13] [#] White has an edge.} 13. Ne5 $146 ({Predecessor:} 13. Bg3 Nf8 14. h3 Be6 15. Ne5 Rc8 16. Bh2 b5 17. f4 a4 18. g4 {0-1 (88) Makarian,R (2386)-Cardoso Cardoso,J (2313) Corum 2019}) 13... Nxe5 14. dxe5 Ne4 15. Bxe7 Qxe7 16. Nxe4 dxe4 17. Bxe4 Qxe5 18. Bh7+ Kh8 {[%emt 0:01:43] Black wants to play ...g6.} 19. f4 Qf6 {[%emt 0:03:24] [#] Threatens to win with ...g6.} 20. Bd3 Be6 21. b3 Rad8 22. Kh1 Rd6 23. e4 {[%emt 0:02:47] [#] e5 is the strong threat.} Qd4 24. Rf3 Rdd8 25. h3 Qb4 26. Qf2 a4 27. bxa4 Bxa2 {[%emt 0:01:34] The position is equal.} 28. Ra1 Bb3 29. Qb2 {[%emt 0:01:41] aiming for Bc2.} Qd4 $1 30. Rb1 Bxa4 {[%emt 0:06:51] And now ...Re7 would win.} 31. Qxb7 Rd7 32. Rb4 Qd6 33. Qb6 Bb5 34. Rb3 Bxd3 35. Rfxd3 Qe6 36. f5 Qe7 37. f6 gxf6 38. Qxc6 (38. Rg3 {seems wilder.} h5 39. Rbf3 Qe5 40. Qe3) 38... Rc7 39. Qd6 Qxd6 40. Rxd6 Rxe4 41. Rxf6 Kg7 42. Rbb6 Re2 43. Rf4 Re5 {[%emt 0:01:54] Weighted Error Value: White=0.05 (flawless) /Black=0.04 (flawless)} 1/2-1/2

[Event "Icelandic Championship 2022"]
[Site "Selfoss"]
[Date "2022.04.23"]
[Round "3.2"]
[White "Thorhallsson, Simon"]
[Black "Kjartansson, Gudmundur"]
[Result "0-1"]
[ECO "D11"]
[WhiteElo "2245"]
[BlackElo "2450"]
[Annotator "TA"]
[PlyCount "68"]
[EventDate "2022.04.21"]
[EventType "tourn"]
[EventCountry "ISL"]
[SourceTitle "playchess.com"]
[Source "ChessBase"]
[SourceQuality "1"]
[TimeControl "40/5400+30:1800+30"]

1. d4 d5 2. c4 c6 3. Nf3 Nf6 4. g3 Bf5 5. Nc3 e6 6. Qb3 {[%emt 0:00:56] D11: Slav Defence: 3 Nf3 sidelines and 3...Nf6 4 e3 Bg4.} Qb6 7. c5 Qxb3 8. axb3 {[%emt 0:00:09] The position is equal.} Na6 9. Ra4 {[%emt 0:06:07][%cal Oe2e4] [#] Prevents Nb4.} Nd7 $146 ({Predecessor:} 9... Bc2 10. Nd2 e5 11. e3 exd4 12. exd4 Nc7 13. Bg2 a6 14. O-O O-O-O 15. Ra3 Ne4 16. Ndxe4 dxe4 {0-1 (47) Akbarinia,S (2379)-Lazavik,D (2436) Chess.com INT 2020}) 10. Nh4 (10. e4 $11 Bxe4 11. Nxe4 dxe4 12. Bxa6 bxa6 13. Ng5) 10... Bc2 $15 11. Kd2 Bxb3 12. Ra3 {[%emt 0:01:41] [#]} Naxc5 13. dxc5 Nxc5 14. e3 (14. Ke1 $142) 14... Ne4+ $17 15. Nxe4 Bxa3 16. Nf6+ gxf6 17. bxa3 b5 (17... Ke7 $17 18. Kc3 Ba4) 18. Bb2 $15 Ke7 19. Bd4 $1 Bc4 20. Bh3 Rhc8 ({Black should play} 20... h5 $15) 21. Bc5+ $11 Kd7 22. Bd4 Ke7 {[%emt 0:00:08] ...c5 is the strong threat.} 23. Bc5+ Ke8 24. Bd4 (24. Rb1 $11) 24... c5 $17 25. Bxf6 a5 ({Better is} 25... Rc6 $17) 26. Nf3 $11 b4 $36 {[%emt 0:00:24][%mdl 2048] Black is pushing.} 27. Rb1 d4 (27... bxa3 $2 28. Rb7 Ra6 29. Re7+ Kf8 30. Ng5 $18) 28. axb4 $2 {[%emt 0:10:23] This move loses the game for White.} (28. Bf1 $15 Bxf1 29. Rxf1) 28... axb4 $19 {[%emt 0:00:41] And now ...Ra2+ would win.} 29. exd4 Bd5 {[%emt 0:02:09] aiming for ...c4.} 30. Ne5 {[%emt 0:02:05] [#]} (30. dxc5 {was called for.} Ra2+ 31. Ke3 Ra3+ 32. Kd2 Rxf3 33. Bd4) 30... c4 $1 {[%emt 0:01:08][%cal Bc5c4,Bc4c3,Bc3c2][%mdl 32] White must now prevent ...c3+.} 31. Rxb4 c3+ 32. Ke2 (32. Kd3 $142 c2 33. Bg5) 32... Ra2+ {[%emt 0:00:34][%mdl 64] Skewer, Deflection. Black is clearly winning.} 33. Kd3 Rd2+ 34. Ke3 {[%emt 0:00:12] [#]} c2 $1 {[%emt 0:00:23][%mdl 512] Weighted Error Value: White=0.45/Black=0.10 (very precise)} 0-1

[Event "Icelandic Championship 2022"]
[Site "Selfoss"]
[Date "2022.04.23"]
[Round "3.3"]
[White "Mai, Alexander Oliver"]
[Black "Thorfinnsson, Bragi"]
[Result "0-1"]
[ECO "B32"]
[WhiteElo "2207"]
[BlackElo "2419"]
[Annotator "TA"]
[PlyCount "94"]
[EventDate "2022.04.21"]
[EventType "tourn"]
[EventCountry "ISL"]
[SourceTitle "playchess.com"]
[Source "ChessBase"]
[SourceQuality "1"]
[TimeControl "40/5400+30:1800+30"]

1. e4 c5 2. Nf3 Nc6 3. d4 cxd4 4. Nxd4 e5 5. Nb5 d6 6. N1c3 a6 7. Na3 b5 8. Nd5 Nge7 9. c4 Nxd5 10. cxd5 Nd4 11. Be3 Be7 12. Bd3 O-O 13. O-O f5 {[%emt 0:09:43] B32: Sicilian: Löwenthal and Kalashnikov Variations.} (13... Bd7) (13... Qa5 $14) 14. Bxd4 $16 exd4 15. exf5 Bxf5 {[%emt 0:00:43] White is slightly better.} 16. Bxf5 (16. Nc2) 16... Rxf5 17. Qxd4 Bf6 {[%emt 0:02:04] [#]} 18. Qg4 $146 ({Predecessor:} 18. Qd2 Qb6 19. Rad1 Rf8 20. Nc2 Bg5 21. Qd4 Qc7 22. Nb4 Rf4 23. Qc3 Qa7 24. Nd3 {1-0 (83) Zampronha,W (2156)-Fascetti,A (2165) Sao Bernardo do Campo 2018}) 18... Rg5 19. Qe6+ Kh8 20. Rae1 (20. f4 {is more complex.} Rh5 21. Rad1 Bxb2 22. Nb1) 20... Bxb2 21. Nc2 Bc3 22. Re4 Rg6 23. Qh3 Qg5 24. Ne3 Rf8 25. Rh4 ({Better is} 25. f4 $14 Qd8 26. Kh1) 25... h6 $11 26. Rh5 Qd8 27. Nf5 $1 b4 28. Qd3 Qe8 {[%emt 0:06:18][%cal Og6g2] ...Rxg2+! is the strong threat.} 29. Rh3 Rgf6 30. Ne3 (30. Ng3 $11) 30... Qc8 31. Rh4 a5 32. Rc4 Qe8 33. Rc7 (33. f4 $11) 33... Qa4 34. Ng4 R6f7 35. Rc6 (35. Rxf7 $15 Rxf7 36. Qg6) 35... Rf4 $2 ({Black should play} 35... Qxa2 $19 {White must now prevent ...h5.} 36. f3 Re7 37. Rxd6 Re2) 36. Qg6 ({Only move:} 36. Qe2 $15) 36... Qxa2 $19 37. Rxd6 Qe2 38. h3 Qe4 39. Qh5 Qf5 40. Qh4 (40. Qxf5 {is the only way for White.} R4xf5 41. Rd1) 40... a4 41. Qg3 $2 (41. g3 Rf3 42. Nxh6) 41... a3 {[%emt 0:07:42] Strongly threatening ...a2.} 42. Ra6 Qxd5 43. Nxh6 Qc4 44. Rg6 a2 {[%emt 0:01:43][%cal Oc4f1] ( -> ...Qxf1+!)} 45. Ng4 {[%emt 0:06:09] [#]} Qxf1+ $1 {[%emt 0:02:51][%mdl 512] Black mates.} 46. Kh2 {[%emt 0:00:18] [#]} Rxg4 $1 47. Qxg4 (47. hxg4 a1=Q) 47... Be5+ {[%emt 0:00:24] Weighted Error Value: White=0.97/Black=0.39} 0-1

[Event "Icelandic Championship 2022"]
[Site "Selfoss"]
[Date "2022.04.23"]
[Round "3.4"]
[White "Stefansson, Vignir Vatnar"]
[Black "Heimisson, Hilmir Freyr"]
[Result "1/2-1/2"]
[ECO "D23"]
[WhiteElo "2484"]
[BlackElo "2312"]
[Annotator "TA"]
[PlyCount "101"]
[EventDate "2022.04.21"]
[EventType "tourn"]
[EventCountry "ISL"]
[SourceTitle "playchess.com"]
[Source "ChessBase"]
[SourceQuality "1"]
[TimeControl "40/5400+30:1800+30"]

1. c4 c6 2. d4 d5 3. Nf3 Nf6 4. Qc2 dxc4 5. Qxc4 Bf5 6. g3 e6 7. Bg2 Be7 8. O-O Nbd7 9. Qb3 Qb6 10. Nbd2 {[%emt 0:00:12] D23: Queen's Gambit Accepted: 3 Nf3 Nf6 sidelines.} O-O 11. Nc4 Qxb3 12. axb3 Be4 {[%emt 0:00:03] [#]} 13. Nfe5 $146 {[%emt 0:21:19] [#] Hoping for Nxd7.} ({Predecessor:} 13. Bf4 c5 14. Rfc1 Rfc8 15. Nd6 Bxd6 16. Bxd6 cxd4 17. Nxd4 Bxg2 18. Kxg2 a6 19. f3 {½-½ (33) Dubov,D (2676)-Duda,J (2748) Hamburg 2019}) 13... Bxg2 14. Kxg2 Rfc8 15. Bg5 h6 16. Nxd7 hxg5 17. Nxf6+ (17. Nc5 $11 {was preferrable.}) 17... Bxf6 18. Rfd1 Rd8 19. e3 a6 20. g4 Rac8 21. Nb6 Rc7 22. Ra5 g6 23. Rc1 Rd6 24. Rc4 Bd8 25. Ra1 f5 26. Rc3 Rh7 27. Na4 Bf6 28. Rc5 Rh4 29. h3 Rd7 30. Rh1 Rdh7 31. f3 Rd7 32. Rc2 Rhh7 33. Nc5 Rd6 34. Ra1 e5 35. dxe5 Bxe5 36. Ra4 (36. b4 $11) 36... b6 ({Better is} 36... Rd1 $17) 37. Nxa6 $11 {[%emt 0:01:20] The position is equal.} Rhd7 38. Rac4 Rd2+ 39. Rxd2 Rxd2+ {[%emt 0:00:01][%mdl 4096] Endgame KRB-KRN} 40. Kf1 c5 41. b4 Rd1+ 42. Ke2 Ra1 43. f4 gxf4 44. exf4 Bxb2 45. Nc7 Ra2 {[%emt 0:07:17] [#] Strongly threatening ...fxg4.} 46. Kd3 Ra3+ 47. Kc2 Bd4 48. Nb5 Ra2+ 49. Kd3 Bg1 50. Rc1 Rg2 51. gxf5 {[%emt 0:00:00] Weighted Error Value: White=0.08 (flawless) /Black=0.10 (very precise)} 1/2-1/2

[Event "Icelandic Championship 2022"]
[Site "Selfoss"]
[Date "2022.04.23"]
[Round "3.5"]
[White "Gretarsson, Hjorvar Steinn"]
[Black "Stefansson, Hannes"]
[Result "1-0"]
[ECO "E35"]
[WhiteElo "2548"]
[BlackElo "2520"]
[Annotator "TA"]
[PlyCount "123"]
[EventDate "2022.04.21"]
[EventType "tourn"]
[EventCountry "ISL"]
[SourceTitle "playchess.com"]
[Source "ChessBase"]
[SourceQuality "1"]
[TimeControl "40/5400+30:1800+30"]

1. d4 Nf6 2. c4 e6 3. Nc3 Bb4 4. Qc2 d5 5. cxd5 exd5 6. Bg5 h6 7. Bh4 Nc6 8. e3 g5 9. Bg3 h5 10. Bb5 Ne4 11. f3 Nxg3 12. hxg3 Qd6 13. Kf2 Bd7 14. Rc1 ({White should play} 14. Nge2 $11) 14... Bxc3 15. Qxc3 O-O-O 16. Bxc6 Bxc6 17. Qc5 Kb8 18. Qxd6 Rxd6 19. Ne2 Bd7 20. Nc3 c6 21. Rh2 Rdh6 22. Ke2 R6h7 23. e4 Be6 24. exd5 cxd5 25. Kd2 h4 26. Rch1 Kc7 27. Nd1 Kd6 28. Ne3 f5 (28... Bd7 $11 {keeps the balance.}) 29. gxh4 (29. f4 $16) 29... f4 $11 30. Nd1 gxh4 31. Nc3 Rg7 (31... h3 $11 32. gxh3 Rh4) 32. Ne2 $1 $16 h3 33. gxh3 (33. Nxf4 $16 Bd7 34. Nxh3 (34. gxh3 Rh4 $14) 34... Bxh3 35. g4 (35. gxh3 Rh4 $16) (35. Rxh3 Rxg2+ 36. Kc1 Rg1+ 37. Rxg1 Rxh3 $14)) 33... Rh4 $1 $14 34. Rg1 Rgh7 35. Rg6 Ke7 36. Rhg2 Kf7 37. R2g5 Bxh3 38. Rd6 Be6 39. Re5 R7h6 40. Rd8 Rh3 (40... Kf6 $11) 41. Rb8 ({Only move:} 41. Nxf4 $16 Rxf3 42. Nxe6 Rxe6 43. Rd7+ (43. Rdxd5 Kf6 $16) (43. Rexd5 Rf2+ 44. Kd3 Rxb2 $11) 43... Kf6 44. Rxe6+ (44. Rxb7 Rxe5 45. dxe5+ Kxe5 $11) (44. Rdxd5 a6 $16) (44. Rexd5 Rf2+ 45. Kd3 Rb6 $11) 44... Kxe6 45. Rxb7) 41... Rxf3 $14 42. Rxb7+ Kf8 43. Rxa7 Rf1 44. Ra6 Kf7 45. Ra7+ (45. b4 $14 Rf6 46. Ra7+ Kf8 47. Ra8+ Kf7 48. Ra7+ Kf8 49. b5) 45... Kf8 $16 46. a4 ({Better is} 46. b4 $16 {Black must now prevent b5.} Rf6 47. b5) 46... Rf6 47. Rh5 $1 Bf7 (47... Rf7 $14 48. Rxf7+ Kxf7) 48. Rh8+ (48. Rh4 $1 $16) 48... Kg7 $11 49. Rh4 Kg6 50. Re7 Kg5 51. Rh7 (51. Rxf4 $1 $11 {was the only way to keep the balance.} R6xf4 52. Nxf4 Rxf4 53. Ke3) 51... Bg6 $17 52. Rh2 {[%emt 0:03:10] [#]} (52. Re5+ $17 {is the only way for White.} Kg4 53. Rh6) 52... f3 (52... Rb6 $1 $19 53. Re5+ Kf6) 53. Re3 $2 (53. Re5+ $17 {keeps fighting.} Kg4 54. Rxd5 (54. Nc3 $2 f2 $17)) 53... Rb1 $19 (53... fxe2 $2 54. Rexe2 Rb6 55. a5 $19) 54. Rb3 (54. Re5+ Kg4 55. Rxd5 Rxb2+ 56. Ke3 Rb3+ 57. Kd2 f2 58. Rg2+ Kh4 59. Rh2+ Rh3 60. Rxf2 Rxf2 $19) 54... Be4 $2 ({Black should try} 54... fxe2 $19 55. Rxe2 Rc6) 55. Nc3 $1 $11 (55. Ng3 $2 Rg1 56. Nxe4+ dxe4 $19) 55... Rf1 (55... f2 $2 56. Nxe4+ dxe4 57. Rg3+ Kf5 58. Rxf2+ Ke6 59. Rxf6+ Kxf6 60. Rb3 $18) 56. Rb8 Bg6 (56... f2 57. Nxe4+ dxe4 58. Rg8+ Kf5 59. Ke2 Re1+ 60. Kxf2 $16) (56... Rg1 $11 57. Ke3 Bg6) 57. Nxd5 $14 f2 $2 {[%emt 0:02:11][%mdl 8192] [#]} (57... Rd6 $14 58. Rb5 Bf5) 58. Ne3 $1 $18 ({Not} 58. Rg2+ Kh6 59. Ne3 (59. Nxf6 $2 Rd1+ 60. Ke3 f1=Q $19) 59... Rg1 60. Ng4+ (60. Rh8+ Kg7 $15) 60... Kg7 61. Rxf2 Rxg4 62. Rxf6 Kxf6 $11) 58... Rb1 59. Rb5+ Rf5 60. Rg2+ ({Weaker is} 60. Rxf5+ Bxf5 61. Rg2+ (61. Rxf2 Rxb2+ 62. Ke1 Rb1+ 63. Ke2 Rb2+ 64. Kf1 Rb1+ 65. Ke2 Rb2+ 66. Kf3 Be4+ 67. Kg3 Rb3 $11) 61... Kh5 62. Rh2+ (62. Rxf2 Rxb2+ 63. Ke1 Rb1+ 64. Kd2 Rb2+ 65. Ke1 Rb1+ 66. Ke2 Rb2+ 67. Ke1 $14) 62... Kg5 $14) 60... Kh5 61. Nxf5 Rd1+ 62. Kc3 1-0

[Event "Icelandic Championship 2022"]
[Site "Selfoss"]
[Date "2022.04.24"]
[Round "4.1"]
[White "Thorfinnsson, Bragi"]
[Black "Steingrimsson, Hedinn"]
[Result "1/2-1/2"]
[ECO "B90"]
[WhiteElo "2419"]
[BlackElo "2538"]
[Annotator "TA"]
[PlyCount "103"]
[EventDate "2022.04.21"]
[EventType "tourn"]
[EventCountry "ISL"]
[SourceTitle "playchess.com"]
[Source "ChessBase"]
[SourceQuality "1"]
[TimeControl "40/5400+30:1800+30"]

1. e4 c5 2. Nf3 d6 3. d4 cxd4 4. Nxd4 Nf6 5. Nc3 a6 6. Bd3 e5 7. Nde2 Be7 8. O-O O-O 9. Ng3 Nc6 10. Nd5 {[%emt 0:04:07] B90: Sicilian Najdorf: Unusual White 6th moves, 6 Be3 Ng4 and 6 Be3 e5.} Nxd5 11. exd5 Nb4 12. Bf5 {[%emt 0:02:23] White is slightly better.} a5 $1 13. c3 Na6 14. f4 {[%emt 0:00:30] [#]} Nc5 $146 (14... Bh4 $14) ({Predecessor:} 14... Bf6 15. Kh1 Nc5 16. Be3 b6 17. Bxc8 Rxc8 18. Bxc5 bxc5 19. f5 e4 20. Nxe4 Re8 {1-0 (82) Arjun,K (2503)-Spitzl,V (2346) Riga 2021}) 15. fxe5 dxe5 16. Qg4 (16. Bxc8 $1 $16 {aiming for Bh3.} Rxc8 17. Nf5) 16... Ra6 (16... Kh8 $11) 17. Be3 (17. Bxc8 $14 Rg6 18. Qc4 Qxc8 19. Nf5) 17... Rg6 (17... g6 $1 $11) 18. Qc4 {[%emt 0:02:51] [#]} ({Better is} 18. Qh5 $14) 18... Bxf5 (18... b5 $1 $11 {keeps the balance.} 19. Qe2 (19. Qxb5 $2 Ba6 $19) 19... Qxd5) 19. Nxf5 $16 b6 20. b4 axb4 21. cxb4 Nb7 22. a4 Bg5 23. Bxg5 Qxg5 24. Qe4 {[%emt 0:00:11] Active counter play!} Nd6 25. Nxd6 Rxd6 26. Rf5 Qd2 27. Rxe5 Rf6 {[%emt 0:01:23] [#]} (27... Rg6 $11 28. Kh1 f5) 28. Qe1 $1 $36 {[%emt 0:02:11][%mdl 2048] White is really pushing.} ({Much worse is} 28. Kh1 $6 Rf4 29. Qe1 Qxb4 $11) 28... Qd4+ 29. Kh1 {[%emt 0:00:14] Black must now prevent Rd1.} Rf4 $2 (29... Rf2 $16) 30. a5 $18 f6 $2 (30... bxa5 31. bxa5 Rf1+ 32. Qxf1 Qxe5) 31. Re8 Rf1+ 32. Qxf1 Rxe8 {[%emt 0:00:00][%mdl 4096] Endgame KQR-KQR} 33. a6 {[%emt 0:03:59] Threatens to win with Qd1.} Qxb4 34. a7 Ra8 35. Qa6 {[%emt 0:02:16] And now Qb7 would win.} Qd4 36. h3 h6 37. Rc1 {[%emt 0:01:17] Rc8+ is the strong threat.} Qxd5 38. Rc8+ $2 ({White has to play} 38. Qxb6 $18 Qe5 39. Qb7) 38... Kh7 $1 $11 {[%emt 0:00:15] The position is equal.} 39. Rxa8 Qd1+ $1 40. Kh2 {[%emt 0:00:15][%cal Oa8h8] White threatens Rh8+! and mate.} Qd6+ 41. Kg1 Qd4+ 42. Kf1 Qd1+ 43. Kf2 Qd4+ 44. Kf3 Qd5+ 45. Ke3 {[%emt 0:00:00] Threatening mate with Qd3+.} Qe5+ 46. Kd2 Qf4+ 47. Kc2 {[%emt 0:00:00] Intending Qd3+ and mate.} Qf2+ 48. Kc3 Qe1+ 49. Kb3 {[%emt 0:00:00] Qd3+ would kill now.} Qe3+ 50. Kc2 Qf2+ 51. Kc3 {[%emt 0:00:00] White wants to mate with Qd3+.} Qe1+ 52. Kc2 {[%emt 0:00:00] Blacks defense is rewarded with a draw.  Weighted Error Value: White=0.22 (precise) /Black=0.27 (precise)} 1/2-1/2

[Event "Icelandic Championship 2022"]
[Site "Selfoss"]
[Date "2022.04.24"]
[Round "4.2"]
[White "Thorhallsson, Throstur"]
[Black "Stefansson, Vignir Vatnar"]
[Result "0-1"]
[ECO "B33"]
[WhiteElo "2422"]
[BlackElo "2501"]
[Annotator "TA"]
[PlyCount "144"]
[EventDate "2022.04.21"]
[EventType "tourn"]
[EventCountry "ISL"]
[SourceTitle "playchess.com"]
[Source "ChessBase"]
[SourceQuality "1"]
[TimeControl "40/5400+30:1800+30"]

1. e4 c5 2. Nf3 Nc6 3. d4 cxd4 4. Nxd4 Nf6 5. Nc3 h5 6. Nb3 {[%emt 0:04:56] [#] B33: Sicilian: Pelikan and Sveshnikov Variations.} e5 $146 ({Predecessor:} 6... e6 7. Bd3 Qc7 8. Qe2 a6 9. a4 b6 10. f4 d6 11. O-O Bb7 12. Bd2 Be7 13. Rae1 {1-0 (81) Smirnov,A (2597)-Idani,P (2588) Chess.com INT 2020}) 7. Bg5 Be7 8. Qd2 {[%emt 0:12:52] White is slightly better.} d6 (8... Bb4 $14 {is more appropriate.}) 9. O-O-O $16 Be6 10. Kb1 a6 11. Be2 Rc8 12. Bxf6 (12. h4 {keeps more tension.} Bxb3 13. axb3 Nd4 14. f3) 12... Bxf6 13. Qxd6 Qxd6 14. Rxd6 Ke7 15. Rd2 Nd4 16. Bd3 Rhd8 17. Nxd4 Rxd4 18. Ne2 Rd6 19. f3 h4 20. Rdd1 b5 21. Nc1 Bg5 22. Be2 Rdc6 23. Bd3 a5 24. Rhe1 Bf4 25. g3 hxg3 26. hxg3 Bxg3 {[%emt 0:00:07] This bishop pair is nice.} 27. Rg1 Bf2 ({Black should try} 27... Bf4 $11) 28. Rxg7 (28. Rg2 $5 Be3 29. Bxb5 $14) 28... b4 29. Rg2 Be3 30. Bb5 Rb6 31. Ba4 Rbb8 32. Bb3 Rg8 33. Re2 Bb6 34. Nd3 Bd4 35. Bxe6 Kxe6 36. f4 f6 37. Rh2 Rh8 38. f5+ Kd6 39. Re2 Rh4 40. Kc1 Rg8 41. Kd2 Rgg4 42. c3 bxc3+ 43. bxc3 Ba7 44. Kc2 {[%emt 0:01:36] [#] Strongly threatening Nf2+.} Kc6 45. Rde1 Rg3 46. Nb2 Rhh3 47. Nd1 a4 48. Rd2 Bc5 49. Ree2 Kb5 50. Rh2 Rxh2 51. Rxh2 $11 {[%emt 0:00:01][%mdl 4096] Endgame KRB-KRN} a3 52. Kb3 Rd3 53. Rh1 Rd2 54. Re1 Rh2 55. Rf1 $1 Re2 56. Rh1 $1 ({Reject} 56. c4+ Ka5 57. Rh1 Rd2 $17) 56... Rxe4 57. Rh6 {[%emt 0:03:34] [#]} (57. c4+ $1 $11 {deserves consideration.} Ka5 58. Nc3) 57... Re1 {[%emt 0:02:31] &Nero is more active.} (57... Re2 $1 $17 {[%cal Re2d2] White must now prevent ...Rd2.} 58. c4+ Ka5) 58. c4+ Ka5 59. Nc3 Re3 60. Kc2 (60. Rxf6 Bd4 61. Kxa3 Rxc3+ 62. Kb2 Kb4 $19) 60... Bb4 61. Nd5 Re2+ 62. Kb1 $2 (62. Kd3 $11 Rxa2 63. Rh8) 62... Rb2+ $19 63. Ka1 Bc5 64. Rh8 {[%emt 0:01:13] Intending Ra8+ and mate.} Ka6 {[%emt 0:00:19] ...Bd4 is the strong threat.} 65. Nc7+ Kb7 66. Nb5 (66. Ne6 $142 Be3 67. Rh7+ Kb6 68. Rh1) 66... Rc2 67. Kb1 {[%emt 0:00:26] Against Rc1+} Rxc4 {[%emt 0:00:10] ( -> ...Kc6)} 68. Rh3 Rb4+ {[%emt 0:01:20] Black mates.} 69. Rb3 Rxb3+ 70. axb3 Bb4 71. Ka2 e4 72. Nd4 e3 {[%emt 0:00:05] Weighted Error Value: White=0.08 (flawless) /Black=0.09 (flawless)} (72... Kb6 $142 73. Nc2 Kc5 74. Kb1 Bd2 75. Nxa3 e3 76. Kc2 Bb4 77. Kd3 Bxa3 78. Kxe3 Kd5 79. Kf4 Bc5 80. Kf3 Ke5 81. Ke2 Kxf5 82. Kd2 Bb4+ 83. Ke3 Be7 84. Kd3 Bd6 85. Kd4 Kf4 86. Kd5 Bf8 87. Kd4 f5 88. Kd3 Ke5 89. Ke3 f4+ 90. Kd3 Kd5 91. b4 Bxb4 92. Ke2 Ke4 93. Kf2 f3 94. Kg3 Bc5 95. Kh2 f2 96. Kg2 Ke3 97. Kf1 Be7 98. Kg2 Ke2 99. Kh2 f1=Q 100. Kg3 Ke3 101. Kh2 Bd6#) 0-1

[Event "Icelandic Championship 2022"]
[Site "Selfoss"]
[Date "2022.04.24"]
[Round "4.3"]
[White "Stefansson, Hannes"]
[Black "Mai, Alexander Oliver"]
[Result "1-0"]
[ECO "B51"]
[WhiteElo "2525"]
[BlackElo "2177"]
[Annotator "TA"]
[PlyCount "165"]
[EventDate "2022.04.21"]
[EventType "tourn"]
[EventCountry "ISL"]
[SourceTitle "playchess.com"]
[Source "ChessBase"]
[SourceQuality "1"]
[TimeControl "40/5400+30:1800+30"]

1. e4 c5 2. Nf3 d6 3. Bb5+ Nd7 4. Ba4 Ngf6 5. O-O a6 6. c4 e6 7. Nc3 Be7 8. d4 cxd4 9. Nxd4 O-O 10. Kh1 Qc7 11. Qe2 Ne5 12. Bb3 $1 Nc6 13. Nxc6 bxc6 14. f4 Nd7 15. Bc2 Bb7 16. Bd2 Rfe8 17. Rae1 Bf8 18. Rf3 g6 19. Rh3 Bg7 20. Qf2 Nf6 21. Bd1 (21. c5 $14) 21... d5 (21... c5 $11) 22. e5 $16 Nd7 23. Qh4 ({White should try} 23. c5 $16) 23... Nf8 $14 24. Na4 c5 25. Bf3 Red8 (25... dxc4 $11 {keeps the balance.} 26. Be3 Bxf3 27. Rxf3 (27. gxf3 Rab8 $15) 27... Nd7) 26. Be3 (26. cxd5 $16 {Black must now prevent d6.} exd5 27. f5 Bxe5 28. Nxc5 $1 Qxc5 29. Rxe5) 26... Bc6 {[%emt 0:03:57] [#]} (26... dxc4 $11 27. Nxc5 Bxf3 28. Rxf3 Qc6) 27. Bd1 (27. Nxc5 $6 d4 28. Ne4 (28. Bxc6 $2 Qxc6 29. Bc1 Qxc5 $19) 28... Bxe4 29. Bxe4 dxe3 30. Bxa8 Rxa8 $15) ({White has to play} 27. cxd5 $1 $14 exd5 28. Bxc5 (28. Nxc5 d4 $17)) 27... Be8 (27... dxc4 $15 28. Nxc5 Qa5) 28. cxd5 $14 (28. Nxc5 $2 d4 29. Bf3 Qxc5 $19) (28. Bxc5 Bxa4 29. Bxf8 Kxf8 $15) 28... Bxa4 29. Bxa4 exd5 30. Bc2 (30. Bd2 $16) 30... Rab8 (30... d4 $1 $11 31. Bg1 c4) 31. b3 $16 Qa5 (31... c4 $14) 32. f5 $1 $18 Rb4 33. Qf2 $1 Bxe5 34. Bd2 (34. Bxc5 $6 Rf4 35. Qe3 Nd7 $14) 34... Bd4 35. Qh4 Rdb8 $2 (35... Qb6 $16) 36. fxg6 $18 (36. Bxb4 $6 Qxb4 37. Rf3 Bc3 38. Qxb4 Bxb4 $16) 36... hxg6 37. a4 $2 (37. Bxb4 $6 Qxb4 38. Rf3 Bg7 39. Qxb4 (39. Qe7 Rb7 $16) 39... Rxb4 $18) (37. a3 $18 {has better winning chances.} Qxa3 38. Bxg6 $1 fxg6 39. Qg5 Qxb3 40. Rxb3 Rxb3 41. Qxd5+ Kh8 42. Qe4) 37... Qb6 38. Qe7 $2 (38. Bxb4 $16 Qxb4 39. Rf1) 38... Bf6 $15 39. Qe2 Rh4 40. Rf3 Bd4 {[%emt 0:00:42] Prevents Qf2.} 41. Bf4 ({Much worse is} 41. Qe7 Rh7 $17) (41. Rxf7 $5 Qd6 42. g3 Qxg3 43. Ref1 $11) 41... Rc8 42. Bd3 $1 a5 (42... Qxb3 $2 43. Bg3 Qxa4 44. Bxh4 $18) 43. Bg3 Rh7 44. Bb5 Qa7 45. Qc2 f5 46. Qe2 Qf7 47. Rd3 (47. Bf2 $11) 47... Qf6 (47... Nd7 $15) 48. h3 Rd8 49. Qd2 Ra8 50. Rxd4 Qxd4 51. Qc2 (51. Qg5 $11) 51... Rc8 $17 52. Be5 Qh4 $1 53. Qd2 Rd8 ({Better is} 53... Ne6 $17 {Threatens to win with ...Nd4.} 54. Re3 Rd8 55. Qxa5 f4) 54. Qxa5 {[%emt 0:00:00] [#]} (54. Bf4 $11 Re7 55. Rxe7 Qxe7 56. Bg5) 54... Ne6 (54... Re7 $1 $17 {[%cal Of5f4][%mdl 512] Strongly threatening ...f4!} 55. Qc3 (55. Kh2 f4) 55... Re6) 55. Bc6 {[%emt 0:00:00] [#]} (55. Re2 $15 Nd4 56. Bxd4 cxd4 57. Qb6) 55... f4 (55... Ra7 $3 $19 56. Qd2 Kh7) 56. Rf1 (56. Bf6 $1 $15 Qxf6 57. Rxe6 Qxe6 58. Qxd8+ Kg7 59. Bxd5) 56... Qg5 57. Qe1 (57. Bb2 $142) 57... Qf5 58. Bb5 g5 59. Qe2 Qe4 60. Kg1 Qxe2 61. Bxe2 Rb7 62. Bb5 Kf7 63. Rd1 Rb6 ({Black should play} 63... Re7 $19 {And now ...Nc7 would win.} 64. Bc3 Nc7) 64. Kf2 {[%emt 0:00:26] [#]} Ke7 $1 65. Re1 Ra8 66. Kf3 Rxb5 (66... Kf7 $17) 67. axb5 $11 Ra5 68. Kg4 Rxb5 69. Kf5 Kf7 70. Ra1 Rb7 {[%emt 0:00:29] Inhibits Ra7.} 71. Ra6 Nd4+ 72. Kxg5 Nxb3 73. Rh6 {[%emt 0:00:28] aiming for Rh7+.} Rb4 74. Rf6+ Ke7 75. h4 d4 $2 (75... Nd2 $11 {and Black has nothing to worry.} 76. Kf5 (76. Bd6+ Kd7 $17) 76... f3 77. gxf3 Rxh4 78. Bd6+ Kd7) 76. h5 $18 {[%emt 0:00:40] Hoping for h6.} (76. Bxf4 d3 77. h5 d2 78. Bxd2 Nxd2 $15) 76... d3 $2 (76... f3 77. Rxf3 (77. gxf3 d3 $11) 77... Nd2) 77. h6 $18 {[%emt 0:00:07] Threatening mate with h7.} Re4 78. Bd6+ Kd7 79. h7 Re8 80. Bf8 Re5+ 81. Kg6 d2 82. Rd6+ Kc7 83. h8=Q 1-0